 Dungeon Crawl Stone Soup version 0.32-a0-981-g384da2ce10 (webtiles) character file.

Game seed: 2417275981567094327

235 DrKenneth the Covered (level 5, -11/48 HPs)
             Began as a Minotaur Fighter on Apr 20, 2024.
             Mangled by Duvessa
             ... wielding a +0 short sword
              (15 damage)
             ... on level 4 of the Dungeon.
             The game lasted 00:04:19 (2018 turns).

DrKenneth the Covered (Minotaur Fighter)            Turns: 2018, Time: 00:04:19

Health: -11/48     AC:  7    Str: 23    XL:     5   Next: 76%
Magic:  4/4        EV:  8    Int:  5    God:
Gold:   213        SH:  4    Dex:  9    Spells: 4/4 levels left

rFire   . . .        a - +0 war axe
rCold   . . .        c - +0 buckler
rNeg    . . .        b - +0 scale mail
rPois   .            (helmet restricted)
rElec   .            (no cloak)
rCorr   .            (no gloves)
SInv    .            (no boots)
Will    .....        (no amulet) Stlth
                     (no ring)
HPRegen 0.28/turn    (no ring)
MPRegen 0.09/turn

%: no passive effects
@: no status effects
A: horns 2, retaliatory headbutt
a: no special abilities


You were on level 4 of the Dungeon.
You visited 1 branch of the dungeon, and saw 4 of its levels.

You collected 213 gold pieces.

Inventory:

Hand Weapons
 a - a +0 war axe (weapon)
Armour
 b - a +0 scale mail (worn)
 c - a +0 buckler (worn)
 l - the +2 cloak of the Abyss {Harm rPois Will+}
   (You found it on level 3 of the Dungeon)

   rPois:     It protects you from poison.
   Will+:     It increases your willpower.
   Harm:      It increases damage dealt and taken.
Wands
 i - a wand of warping (9)
Scrolls
 e - a scroll of blinking {unknown}
 f - a scroll of acquirement {unknown}
 h - 2 scrolls of summoning {unknown}
 j - 2 scrolls of identify {unknown}
 m - a scroll of teleportation {unknown}
 n - a scroll of immolation {unknown}
Potions
 d - a potion of might
 g - 2 potions of haste {unknown}
 k - a potion of attraction {unknown}


   Skills:
 + Level 5.0 Fighting
 + Level 4.2 Axes
 + Level 5.0 Armour
 + Level 5.0 Shields


You had 4 spell levels left.
You didn't know any spells.
Your spell library contained the following spells:

 Spells                   Type           Power      Damage    Failure   Level
 Sublimation of Blood     Necr           0%         N/A       93%         2
 Curse of Agony           Necr           0%         N/A       100%        5
 Rimeblight               Ice/Necr       0%         2d3       (prima100%   7


Dungeon Overview and Level Annotations

Branches:
Dungeon (4/15)
 Temple: D:4-7

Altars:
Dithmenos
Vehumet

Annotations:
D:4 Duvessa


Innate Abilities, Weirdness & Mutations

You have a pair of horns on your head.
You reflexively headbutt those who attack you in melee.


Message History

Dowan is heavily wounded.
Dowan says, "Stay away from my face!"
You block Dowan's attack.
You completely miss Dowan.
Dowan is heavily wounded.
You slash Duvessa! Dowan hits you but does no damage.
Duvessa hits you but does no damage.
Dowan says, "Magic and the sword, together, will defeat you."
Dowan points at Duvessa and mumbles some strange words.
Duvessa seems to speed up.
Duvessa closely misses you.
You hit Dowan. Your headbutt misses Dowan.
Dowan is severely wounded.
You hit Duvessa but do no damage. Duvessa barely misses you.
You furiously retaliate!
You headbutt Duvessa!
Dowan hits you with a +0 dagger of holy wrath.
Duvessa hits you but does no damage.
You slash Dowan!
You kill Dowan!
Duvessa screams in rage.
Duvessa goes berserk!
You closely miss Duvessa.
Duvessa hits you with a +0 short sword! x2
Your Fighting skill increases to level 5!
Your Armour skill increases to level 5!
Your Shields skill increases to level 5!
You hit Duvessa but do no damage.
Duvessa is moderately wounded.
Duvessa closely misses you. Duvessa hits you with a +0 short sword.
You hit Duvessa but do no damage. You headbutt Duvessa!
Duvessa is heavily wounded.
You block Duvessa's attack. x2
You hit Duvessa. You headbutt Duvessa.
Duvessa is heavily wounded.
Duvessa hits you with a +0 short sword!
* * * LOW HITPOINT WARNING * * *
Duvessa hits you with a +0 short sword.
* * * LOW HITPOINT WARNING * * *
You hit Duvessa.
Duvessa is severely wounded.
Duvessa closely misses you. Duvessa hits you with a +0 short sword!
You die...

##...## ##.....##
#.......>
##.$.....#
.........######
<........?.<..#
##......!####.##
.......e........
.......)@####..##
........##
##.#..... #
######


You could see Duvessa (berserk, fast).

Vanquished Creatures
  Dowan (D:4)
  2 orc priests (D:3)
  An orc wizard (D:3)
  4 adders
  A dart slug (D:1)
  6 orcs (D:3)
  4 bats
  6 endoplasms
  A giant cockroach (D:1)
  5 hobgoblins
  5 kobolds
  4 quokkas
  4 ball pythons
  5 frilled lizards
  4 goblins
  5 rats
58 creatures vanquished.

Notes
Turn   | Place    | Note
-------+----------+-------------------------------------------
     0 | D:1      | DrKenneth the Minotaur Fighter began the quest for the Orb.
     0 | D:1      | Reached XP level 1. HP: 19/19 MP: 0/0
   119 | D:1      | Reached XP level 2. HP: 27/27 MP: 1/1
   463 | D:1      | Reached XP level 3. HP: 32/33 MP: 2/2
  1365 | D:3      | Found a shadowy altar of Dithmenos.
  1380 | D:3      | Identified the +2 cloak of the Abyss {Harm rPois Will+}
  1406 | D:3      | Reached XP level 4. HP: 30/40 MP: 3/3
  1472 | D:3      | Found a radiant altar of Vehumet.
  1600 | D:3      | Reached XP level 5. HP: 36/47 MP: 4/4
  2001 | D:4      | Noticed Dowan
  2006 | D:4      | Noticed Duvessa
  2014 | D:4      | Killed Dowan
  2015 | D:4      | Reached skill level 5 in Fighting
  2015 | D:4      | Reached skill level 5 in Armour
  2015 | D:4      | Reached skill level 5 in Shields
  2018 | D:4      | Mangled by Duvessa

Illustrated notes

Levels and vault maps discovered:
D:1:      eino_arrival_cavern_a, layout_rooms
D:2:      layout_loops_cross
D:3:      layout_rooms, nicolae_vehumet_radiance,
          nicolae_overflow_crystal_walls, amcnicky_mini_corridor_feature
D:4:      layout_rooms, nicolae_sif_muna_little_library,
          okawaru_altar_gauntlet_db, mainiacjoe_overflow_six_doors_small,
          nicolae_hepliaklqana_hazy_memory, grunt_ministairs_15,
          chequers_avenue, uniq_grinder, uniq_duvessa

Skill      XL: |  1  2  3  4  5 |
---------------+----------------+-----
Shields        | 4 5 |  5.0
Fighting       | 4 5 |  5.0
Armour         | 4 5 |  5.0
Axes           | 3 4 |  4.2

Action                     |  1- 3 |  4- 6 || total
---------------------------+-------+-------++-------
  Melee: War axe           |    88 |    58 ||   146
         Headbutt          |     8 |     8 ||    16
 Armour: Scale mail        |    81 |    46 ||   127
  Dodge: Dodged            |    38 |    23 ||    61
  Block: Buckler           |    22 |    15 ||    37

Table legend: (Time is in decaauts)
 A = Elapsed time spent in this place.
 B = Non-inter-level travel time spent in this place.
 C = Inter-level travel time spent in this place.
 D = Time resting spent in this place.
 E = Time spent auto-exploring this place.
 F = Levels seen in this place.
 G = Mean time per level.
                   A        B        C        D        E       F      G
               +--------+--------+--------+--------+--------+-----+--------+
         Total |   2071 |   1874 |    197 |    189 |   1288 |   4 |  517.8 |
       Dungeon |   2071 |   1874 |    197 |    189 |   1288 |   4 |  517.8 |
               +--------+--------+--------+--------+--------+-----+--------+

Top non-repeatable levels by time:
     D:3: 704 daAuts
     D:2: 676 daAuts
     D:1: 664 daAuts
     D:4: 25 daAuts
